 Dungeon Crawl Stone Soup version 0.19-a0-450-g98b348d (webtiles) character file.

2861 oplop the Covered (level 9, -2/82 HPs)
             Began as a Deep Dwarf Fighter on June 1, 2016.
             Was a Follower of Makhleb.
             Slain by a troll (7 damage)
             ... on level 9 of the Dungeon.
             The game lasted 00:16:55 (5813 turns).

oplop the Covered (Deep Dwarf Fighter)              Turns: 5813, Time: 00:16:56

Health: -2/82      AC:  8    Str: 20    XL:     9   Next: 47%
Magic:  6/6        EV:  9    Int: 12    God:    Makhleb [*.....]
Gold:   230        SH: 11    Dex: 15    Spells: 0 memorised, 8 levels left

rFire  . . .     SeeInvis +     v - +6 broad axe "Icwohehu" {freeze, Int+3}
rCold  . . .     Gourm    .     x - +0 scale mail of Mumblety Peg {*Drain rElec MR++ Regen+}
rNeg   . . .     Faith    .     c - +0 shield
rPois  .         Spirit   .     (no helmet)
rElec  +         Dismiss  .     (no cloak)
rCorr  +         Reflect  .     (no gloves)
SustAt .         Harm     .     (no boots)
MR     +++..                    (no amulet)
Stlth  ..........               y - ring of resist corrosion
                                p - ring of see invisible

@: non-regenerating, extremely resistant to hostile enchantments, extremely
unstealthy
A: damage resistance, recharge devices, sense surroundings 2, slow regeneration
3
a: Device Recharging, Renounce Religion


You were on level 9 of the Dungeon.
You worshipped Makhleb.
Makhleb was aware of your devotion.
You were not hungry.

You visited 2 branches of the dungeon, and saw 10 of its levels.

You collected 401 gold pieces.
You spent 171 gold pieces at shops.

Inventory:

Hand Weapons
 a - a +0 war axe
 v - the +6 broad axe "Icwohehu" (weapon) {freeze, Int+3}
   (You acquired it on level 6 of the Dungeon)

   It has been specially enchanted to freeze those struck by it, causing extra
   injury to most foes and up to half again as much damage against particularly
   susceptible opponents.
   It can also slow down cold-blooded creatures.
   It affects your intelligence (+3).
 z - a +1 war axe of chopping
Missiles
 A - a throwing net (quivered)
Armour
 c - a +0 shield (worn)
 x - the +0 scale mail of Mumblety Peg (worn) {*Drain rElec MR++ Regen+}
   (You bought it in a shop on level 5 of the Dungeon)

   It insulates you from electricity.
   It affects your resistance to hostile enchantments.
   It increases your rate of regeneration.
   It causes draining when unequipped.
Jewellery
 p - a ring of see invisible (left hand)
 y - a ring of resist corrosion (right hand)
 B - an uncursed ring of magical power
 F - an uncursed ring of sustain attributes
 H - an uncursed ring of magical power
Wands
 e - a wand of heal wounds (3/9)
 g - a wand of acid (3/15)
 k - a wand of polymorph (9/24)
 E - a wand of flame (13/48)
 G - a wand of lightning (4/15)
Scrolls
 h - 2 scrolls of magic mapping
 r - 9 scrolls of identify
 t - 5 scrolls of remove curse
 u - a scroll of fog
 w - a scroll of teleportation
Potions
 d - 3 potions of might
 i - a potion of haste
 l - 6 potions of curing {unknown}
 m - a potion of lignification {unknown}
 o - a potion of berserk rage {unknown}
 q - a potion of heal wounds {unknown}
 s - 2 potions of cancellation {unknown}
 C - a potion of resistance {unknown}
Books
 b - a book of Unlife

   Spells                             Type                      Level
   a - Recall                         Summoning/Translocation      3
   b - Animate Dead                   Necromancy                   4
   c - Control Undead                 Necromancy                   4
   d - Cigotuvi's Embrace             Necromancy                   5
   e - Death Channel                  Necromancy                   6
   f - Simulacrum                     Ice/Necromancy               6
Comestibles
 f - 9 bread rations
 j - 5 fruits
 n - 7 meat rations
 D - 10 chunks of flesh


   Skills:
 + Level 6.2 Fighting
 + Level 7.1 Axes
 + Level 7.7 Armour
 + Level 2.4 Dodging
 + Level 7.5 Shields
 + Level 3.9 Invocations


You had 8 spell levels left.
You didn't know any spells.

Dungeon Overview and Level Annotations

Branches:
Dungeon (9/15)             Temple (1/1) D:5
   Lair: D:8-11         Orc: D:9-12

Altars:
Ashenzari
Cheibriados
Dithmenos
Elyvilon
Fedhas
Gozag
Hepliaklqana
Kikubaaqudgha
Makhleb
Nemelex Xobeh
Okawaru
Pakellas
Qazlal
Ru
Sif Muna
Trog
Uskayaw
Vehumet
Xom
Yredelemnul
Zin
The Shining One

Shops:
D:5 [   D:8 %


Innate Abilities, Weirdness & Mutations

You are resistant to damage.
You can recharge devices by infusing magical energy.
You passively map the area around you.
You do not regenerate naturally.


Message History

The two-headed ogre is moderately wounded.
Your shield and scale mail of Mumblety Peg prevent you from hitting the troll.
The two-headed ogre closely misses you.
The two-headed ogre hits you with a giant club!
The troll bites you. The troll barely misses you. You block the troll's attack.
You slash the two-headed ogre! You freeze the two-headed ogre.
The two-headed ogre is severely wounded.
You closely miss the troll. The two-headed ogre closely misses you.
You block the two-headed ogre's attack. The troll bites you but does no damage.
You block the troll's attack. The troll claws you!
Your shield and scale mail of Mumblety Peg prevent you from hitting the two-headed ogre.
The two-headed ogre is severely wounded.
You slash the troll! You freeze the troll.
The troll is heavily wounded.
You block the troll's attack. The troll claws you.
You block the troll's attack.
The two-headed ogre hits you with a giant club!!
* * * LOW HITPOINT WARNING * * *
The two-headed ogre closely misses you. The troll bites you!
You die...

, , ..#* *** *
* , *,, #.#* ,
** , ,, , * #.#
** ,, , , #.#
## * ,
########.## ..
, **
#.........## .#
* * ,
#.######...#
*.# , ,,, #>#
##....######T##
, #.#
#..........@..#
, ,,* , #.#
##...#######O##
, * #.# ##.##
.# , , * #.#
#># .# ,, ,*
#.# #.# ..*, ,
, ..# *#+## ##
, , ### ##...##
* * * ##.....##
* , #
##.......## * *


You could see a troll and a two-headed ogre.

Vanquished Creatures
  An orc warrior (D:7)
  3 ice beasts
  A sky beast (D:6)
  A phantom (D:6)
  3 ogres
  3 centaurs
  A big kobold (D:7)
  2 giant frogs
  5 scorpions
  A water moccasin skeleton (D:7)
  6 killer bees (D:8)
  3 wights (D:8)
  4 crimson imps
  A giant frog zombie (D:6)
  2 jellies
  A centaur zombie (D:5)
  2 hounds
  2 orc priests
  2 iguanas
  Jessica (D:3)
  A worker ant (D:7)
  Terence (D:3)
  8 orc wizards
  Robin (D:3)
  A howler monkey zombie (D:6)
  A howler monkey skeleton (D:6)
  4 adders
  4 gnolls (D:6)
  A shadow imp (D:5)
  An ooze (D:7)
  An adder skeleton (D:4)
  A worm (D:4)
  3 dart slugs
  4 giant geckos
  16 orcs
  A ball python (D:2)
  8 giant cockroaches
  15 goblins
  8 hobgoblins
  3 jackals (D:1)
  7 kobolds
  5 quokkas
  5 bats
  3 giant newts
  A jackal skeleton (D:5)
  4 rats
153 creatures vanquished.

Vanquished Creatures (others)
  A gargoyle (D:6)
  An orc wizard (D:4)
  A bush (D:6)
3 creatures vanquished.

Grand Total: 156 creatures vanquished

Notes
Turn   | Place    | Note
--------------------------------------------------------------
     0 | D:1      | oplop the Deep Dwarf Fighter began the quest for the Orb.
     0 | D:1      | Reached XP level 1. HP: 20/20 MP: 1/1
     0 | D:1      | oplop: https://www.youtube.com/watch?v=yKC2bpyGMgg
     0 | D:1      | oplop: годнота
    82 | D:1      | Reached XP level 2. HP: 27/27 MP: 2/2
   512 | D:1      | Wingboner: Звучит в начале как кейген, бугага.
   829 | D:2      | Reached XP level 3. HP: 25/34 MP: 3/3
   953 | D:2      | oplop: сука
   953 | D:2      | oplop: представляю бородатого гнома, в кольчуге, с щитом и топором
   953 | D:2      | oplop: как он гоняется за сраной летучей мышью
  1513 | D:2      | Wingboner: Да у него давно мозги бородой поросли!
  1556 | D:3      | Noticed Jessica
  1561 | D:3      | Killed Jessica
  1561 | D:3      | Reached XP level 4. HP: 23/42 MP: 4/4
  1566 | D:3      | oplop: ммм
  1566 | D:3      | oplop: джес с даггером дисторта
  1572 | D:3      | Wingboner: Хаха.
  1583 | D:3      | Reached XP level 5. HP: 33/49 MP: 5/5
  1603 | D:3      | Wingboner: А я ворвался на в5 с обсидианом и иммо.
  1603 | D:3      | oplop: это годно
  1685 | D:3      | You fall through a shaft!
  1687 | D:4      | Found a deep blue altar of Sif Muna.
  1865 | D:3      | Noticed Robin
  1878 | D:3      | oplop: о
  1878 | D:3      | oplop: боевой бородогриб
  1881 | D:3      | Killed Robin
  2008 | D:3      | Noticed Terence
  2018 | D:3      | Killed Terence
  2019 | D:3      | oplop: нужен спелл трансфигурации - превращение в гриба
  2019 | D:3      | oplop: так то они сильные
  2326 | D:4      | Reached XP level 6. HP: 18/57 MP: 6/6
  2407 | D:4      | Found a hide-covered altar of Uskayaw.
  2419 | D:4      | Wingboner: На меня ещё и марку повесили, кек.
  2428 | D:4      | Wingboner: Тут такая мясорубка...
  2455 | D:4      | Reached skill level 5 in Shields
  2514 | D:4      | Wingboner: Z - a wand of removedness (4/24).
  2514 | D:4      | oplop: заебись у тебя там
  2514 | D:4      | Wingboner: WAT
  2514 | D:4      | oplop: лол
  2514 | D:4      | oplop: че на ней написано
  2732 | D:4      | Found a shimmering altar of Xom.
  2887 | D:5      | Entered Level 5 of the Dungeon
  2958 | D:5      | Reached skill level 5 in Armour
  2958 | D:5      | Reached XP level 7. HP: 30/66 MP: 6/6
  2992 | D:5      | Found a staircase to the Ecumenical Temple.
  2992 | D:5      | Found Upnaizxa's Antique Armour Boutique.
  3022 | D:5      | Wingboner: [ERROR: no desc for item name 'wand of removedness']. Perhaps this item has been removed?
  3024 | D:5      | oplop: лал
  3024 | D:5      | oplop: скринов сделай для треда
  3072 | D:5      | Bought an ancient scale mail for 171 gold pieces
  3082 | D:5      | Identified the +0 scale mail of Mumblety Peg {*Drain rElec MR++ Regen+} (You bought it in a shop on level 5 of the Dungeon)
  3229 | D:5      | Wingboner: Скорее всего на это заменялись выпиленные палки, fire там например.
  3230 | D:5      | Wingboner: Но весело.
  3232 | D:5      | oplop: а, у тебя старая игра
  3232 | D:5      | oplop: совсем
  3232 | D:5      | oplop: наверн
  3242 | D:5      | Reached skill level 5 in Axes
  3307 | D:5      | Found a white marble altar of Elyvilon.
  3479 | D:6      | Reached skill level 5 in Fighting
  3572 | D:6      | Reached XP level 8. HP: 45/74 MP: 5/5
  3729 | D:6      | Found an oddly glowing altar of Pakellas.
  3730 | D:6      | Noticed a gargoyle
  3741 | D:6      | Wingboner: Лол, только заметил, что я ещё и под хармом был.
  3741 | D:6      | oplop: лол
  3741 | D:6      | oplop: смотри
  3741 | D:6      | oplop: шпиль против гаргульи
  3742 | D:6      | Wingboner: Да, у него классные алтари.
  3750 | D:6      | Killed a gargoyle
  3753 | D:6      | Wingboner: Кек.
  3753 | D:6      | oplop: так гаргулья вроде рэлек
  3753 | D:6      | oplop: чейто он её взъебал
  3753 | D:6      | Wingboner: Так не иммун же.
  3785 | D:6      | Wingboner: >"Hmm...that's not supposed to happen."
  3785 | D:6      | oplop: а, ну ок
  3831 | Temple   | Entered the Ecumenical Temple
  3921 | Temple   | Became a worshipper of Makhleb the Destroyer
  3922 | Temple   | Wingboner: Really drop T - an uncursed amulet of magic regeneration {rCorr, !d}?
  3922 | Temple   | Wingboner: Ох уж эти перепилы.
  3922 | Temple   | Wingboner: E - a removed stone of tremors
  3922 | Temple   | Wingboner: WHAT THE FUCK
  3922 | Temple   | Wingboner: Один из моих любимых предметов был, даже после нерфа.
  3922 | Temple   | oplop: хм
  3922 | Temple   | oplop: мда
  4178 | D:6      | Identified a scroll of acquirement
  4179 | D:6      | Got a crystal broad axe
  4180 | D:6      | Identified the +6 broad axe "Icwohehu" {freeze, Int+3} (You acquired it on level 6 of the Dungeon)
  4181 | D:6      | oplop: ня
  4181 | D:6      | oplop: ничотак
  4181 | D:6      | oplop: v - the +6 broad axe "Icwohehu" (weapon) {freeze, Int+3}
  4181 | D:6      | oplop: аквариум
  4319 | D:6      | Reached skill level 1 in Invocations
  4815 | D:7      | Wingboner: Ничего так.
  4815 | D:7      | Wingboner: https://github.com/crawl/crawl/commit/b0f541b5c61789239b8734728703477942c3866b
  4815 | D:7      | Wingboner: Тупо. Не СОВСЕМ тупо, но раньше было лучше.
  4815 | D:7      | oplop: хм
  4815 | D:7      | oplop: ХЬЮСТОН У НАС ПРОБЛЕМА ЗАХОДИМ НА ЭКСТРЕННУЮ ПОСАДКУ
  5019 | D:7      | Gained mutation: You passively map the area around you. [Deep Dwarf growth]
  5019 | D:7      | Reached XP level 9. HP: 23/82 MP: 6/6
  5177 | D:7      | Reached * piety under Makhleb
  5423 | D:8      | Reached skill level 1 in Dodging
  5448 | D:8      | HP: 3/82 [killer bee (5)]
  5523 | D:8      | Found an opulent altar of Gozag.
  5539 | D:8      | Found Bumos's Food Shoppe.
  5807 | D:9      | Noticed a troll
  5813 | D:9      | Slain by a troll

Vault maps used:
D:1:      dpeg_arrival_pits
D:2:      first_bread
D:3:      uniq_jessica, uniq_terence, uniq_robin
D:4:      lemuel_doored_altar, led_sif_pool, old_standard_altar,
          enter_ossuary_1, hangedman_decor_opposing
D:5:      minmay_temple_entry_from_below_a, basic_altar, serial_shops,
          nicolae_shop_overgrown_old_shop
D:6:      gammafunk_pakellas_spire_experiment
D:8:      grunt_gozag_statues, serial_shops, shop
D:9:      minmay_quarter_circles, basic_altar
Temple:   kilobyte_greek_temple_18

Skill      XL: |  1  2  3  4  5  6  7  8  9 |
---------------+----------------------------+-----
Fighting       | 3 4 5 6 |  6.2
Axes           | 3 4 5 6 7 |  7.1
Shields        | 4 5 7 |  7.5
Armour         | 4 5 7 |  7.7
Invocations    | 2 3 |  3.9
Dodging        | 2 |  2.4

Action                   |  1- 3 |  4- 6 |  7- 9 || total
-------------------------+-------+-------+-------++-------
Melee: War axe           |   101 |   145 |   161 ||   407
       Unarmed           |       |    14 |       ||    14
       Broad axe         |       |       |   131 ||   131
 Abil: Device Recharging |       |     1 |     4 ||     5
Evoke: Wand              |       |     5 |    20 ||    25
  Use: Scroll            |       |       |    12 ||    12
 Stab: Confused          |       |     1 |       ||     1
  Eat: Chunk             |     2 |     4 |    11 ||    17
Armor: Scale mail        |    56 |    82 |    89 ||   227
Dodge: Dodged            |    35 |    61 |   108 ||   204
Block: Shield            |    56 |    94 |   201 ||   351
